 Dungeon Crawl Stone Soup version 0.25-a0-108-gda8bd6cf83 (webtiles) character file.

Game seed: 12491710075094652701, levelgen mode: deterministic

591 MrRokkomies the Jinx (level 7, 0/46 HPs)
             Began as a Vampire Enchanter on Nov 18, 2019.
             Slain by an ice beast (14 damage)
             ... on level 5 of the Dungeon.
             The game lasted 00:09:12 (3398 turns).

MrRokkomies the Jinx (Vampire Enchanter)            Turns: 3398, Time: 00:09:13

Health: 0/46       AC:  4    Str:  7    XL:     7   Next: 16%
Magic:  5/10       EV: 13    Int: 19    God:
Gold:   171        SH:  0    Dex: 15    Spells: 5/10 levels left

rFire    . . .     SeeInvis +   a - +1 dagger
rCold    . . .     Gourm    .   (no shield)
rNeg     . . .     Faith    .   b - +0 robe
rPois    .         Spirit   .   (no helmet)
rElec    .         Reflect  .   (no cloak)
rCorr    .         Harm     .   m - +0 pair of gloves
MR       .....                  g - +0 pair of boots
Stlth    ++++......             (no amulet)
HPRegen  0.35/turn              q - ring of stealth
MPRegen  0.12/turn              (no ring)

@: regenerating quickly
A: no food, fangs 3, see invisible, unbreathing
a: Exsanguinate


You were on level 5 of the Dungeon.
You were alive.

You visited 1 branch of the dungeon, and saw 5 of its levels.

You collected 171 gold pieces.

Inventory:

Hand Weapons
 a - a +1 dagger (weapon)
Missiles
 c - 196 stones (quivered)
 k - 26 poisoned darts
Armour
 b - a +0 robe (worn)
 g - a +0 pair of boots (worn)
 m - a +0 pair of gloves (worn)
Jewellery
 q - a ring of stealth (left hand)
Wands
 h - a wand of clouds (4)
 j - a wand of acid (7)
Scrolls
 d - a scroll of amnesia
 l - 2 scrolls of remove curse
 o - a scroll of fog
 t - a scroll of teleportation
Potions
 e - 4 potions of curing
 f - a potion of invisibility
 i - a potion of heal wounds
 p - a potion of agility
 r - a potion of haste


   Skills:
 * Level 5.3 Short Blades
 - Level 2.1 Dodging
 + Level 6.9 Stealth
 - Level 2.0 Spellcasting
 * Level 8.3 Hexes


You had 5 spell levels left.
You knew the following spells:

 Your Spells              Type           Power        Failure   Level  Hunger
b - Ensorcelled Hibernat  Hex/Ice        ###...       4%          2    N/A
c - Confuse               Hex            ####....     1%          3    N/A

Your spell library contained the following spells:

 Spells                   Type           Power        Failure   Level  Hunger
 Corona                   Hex            ####...      1%          1    N/A
 Tukima's Dance           Hex            ####....     1%          3    N/A
 Dazzling Spray           Conj/Hex       ###...       10%         3    N/A

Dungeon Overview and Level Annotations

Branches:
Dungeon (5/15)
 Temple: D:4-7

Altars:
Makhleb
Nemelex Xobeh
Okawaru
Xom
Zin


Innate Abilities, Weirdness & Mutations

You do not eat.
Your natural rate of healing is unusually fast.
You have razor-sharp teeth.
You have supernaturally acute eyesight. (SInv)
You can survive without breathing.


Message History

The shadow imp is severely wounded.
The shadow imp hits you.
You hit the shadow imp.
The shadow imp is almost dead.
The shadow imp gestures at you. Pain shoots through your body!
You are too injured to fight recklessly!
You are too injured to fight recklessly!
You are too injured to fight recklessly!
You are too injured to fight recklessly!
You hit the shadow imp.
You kill the shadow imp!
Casting: Ensorcelled Hibernation (safe; 4% risk of failure)
Confirm with . or Enter, or press ? or * to list all spells.
Aiming: Confuse (safe; 1% risk of failure)
Press: ? - help, Shift-Dir - straight line, f - ice beast
Aim: an ice beast (chance to defeat MR: 62%)
The ice beast resists with significant effort.
The ice beast hits you. The ice beast freezes you!
You die...

...... Y.... #..# #...
#..####### #####..#
#......... #...#5.#
#......... ..###......#
#.........
#.........######
#......... #.......Y@..#
###......#
##.....####=###........#
#.....# #.....##...###
###...# ##..###...##
#.#.# ##..##...## #...#
#......#.##### #.###
##............## ..#
##..............##
#................#


You could see an ice beast.

Vanquished Creatures
  A sky beast (D:5)
  A scorpion (D:5)
  2 hounds (D:4)
  3 orc priests (D:4)
  3 orc wizards (D:4)
  A centaur skeleton (D:4)
  3 worker ants
  A gnoll (D:1)
  6 adders
  A shadow imp (D:5)
  A worm (D:4)
  2 leopard geckos
  3 orcs (D:4)
  A ball python (D:4)
  5 giant cockroaches
  3 hobgoblins
  2 jackals (D:2)
  5 kobolds
  A quokka (D:2)
  5 bats
  A frilled lizard (D:2)
  5 goblins
  A rat (D:2)
57 creatures vanquished.

Notes
Turn   | Place    | Note
-------+----------+-------------------------------------------
     0 | D:1      | MrRokkomies the Vampire Enchanter began the quest for the
                  | Orb.
     0 | D:1      | Reached XP level 1. HP: 13/13 MP: 3/3
   331 | D:1      | Found an ancient bone altar of Kikubaaqudgha.
   333 | D:1      | Found a burning altar of Makhleb.
   333 | D:1      | Found a shimmering altar of Xom.
   335 | D:1      | Found a glowing silver altar of Zin.
   335 | D:1      | Found an iron altar of Okawaru.
   335 | D:1      | Found a sparkling altar of Nemelex Xobeh.
   491 | D:1      | Reached skill level 5 in Hexes
   491 | D:1      | Reached XP level 2. HP: 19/19 MP: 5/5
   496 | D:1      | Learned a level 2 spell: Ensorcelled Hibernation
   643 | D:2      | Reached XP level 3. HP: 21/24 MP: 1/6
   738 | D:2      | Reached skill level 5 in Stealth
   803 | D:2      | Learned a level 3 spell: Confuse
   827 | D:2      | Reached XP level 4. HP: 16/30 MP: 0/7
  1556 | D:3      | Reached skill level 6 in Hexes
  1629 | D:3      | Found a glowing silver altar of Zin.
  2367 | D:4      | Reached XP level 5. HP: 35/35 MP: 5/8
  2579 | D:4      | Reached skill level 7 in Hexes
  2694 | D:4      | Reached XP level 6. HP: 41/41 MP: 6/9
  3286 | D:5      | Entered Level 5 of the Dungeon
  3307 | D:5      | Reached skill level 5 in Short Blades
  3307 | D:5      | Reached skill level 8 in Hexes
  3371 | D:5      | Noticed a sky beast
  3380 | D:5      | Noticed an ice beast
  3384 | D:5      | Killed a sky beast
  3384 | D:5      | Reached XP level 7. HP: 40/46 MP: 7/10
  3398 | D:5      | Slain by an ice beast

Levels and vault maps discovered:
D:1:      scummos_arrival_simple_fountains, layout_loops_ring,
          minmay_misc_feat_iff, doesnt_xom_only_xom
D:2:      layout_loops_ring
D:3:      layout_basic, overflow_temple_1_default, first_ration
D:4:      layout_cave_pods
D:5:      layout_rooms, minmay_temple_entry_hall, corexii_checkpoint_a

Skill      XL: |  1  2  3  4  5  6 |
---------------+-------------------+-----
Hexes          | 5 6 7 8 |  8.3
Short Blades   | 2 3 4 5 |  5.3
Stealth        | 5 6 |  6.9
Dodging        | |  2.1
Spellcasting   | |  2.0

Action                   |  1- 3 |  4- 6 |  7- 9 || total
-------------------------+-------+-------+-------++-------
Melee: Dagger            |    55 |   197 |    13 ||   265
       Bite              |     4 |    16 |       ||    20
 Cast: Ensorcelled Hiber |     6 |    18 |       ||    24
       Confuse           |       |     2 |     1 ||     3
Evoke: Wand              |       |     1 |       ||     1
  Use: Scroll            |     3 |    10 |       ||    13
       Potion            |       |     1 |       ||     1
 Stab: Sleeping          |     8 |    20 |       ||    28
       Confused          |       |     1 |       ||     1
Armor: Robe              |    13 |    43 |     1 ||    57
Dodge: Dodged            |    45 |   109 |     5 ||   159

Table legend:
 A = Non-vault XP
 B = Vault XP
 C = Vault XP percentage of total XP
 D = Non-vault monster count
 E = Vault monster count
 F = Vault count percentage of total count
                 A         B        C        D         E       F
            +---------+---------+-------+---------+---------+-------
      Total |     845 |       0 |   0.0 |      57 |       0 |   0.0
            +---------+---------+-------+---------+---------+-------
        D:1 |      27 |       0 |   0.0 |       8 |       0 |   0.0
        D:2 |     104 |       0 |   0.0 |      20 |       0 |   0.0
        D:3 |      34 |       0 |   0.0 |       7 |       0 |   0.0
        D:4 |     470 |       0 |   0.0 |      19 |       0 |   0.0
        D:5 |     210 |       0 |   0.0 |       3 |       0 |   0.0
            +---------+---------+-------+---------+---------+-------
